 Dungeon Crawl Stone Soup version 0.29.1-13-g9f3cf754e1 (webtiles) character file.

Game seed: 1900724792322632082

696 protoss039 the Digger (level 7, 52/52 HPs)
             Began as a Demonspawn Earth Elementalist on Feb 11, 2023.
             Was an Initiate of Vehumet.
             Got out of the dungeon alive.
             The game lasted 00:07:48 (4243 turns).

protoss039 the Digger (DsEE)                        Turns: 4243, Time: 00:07:49

Health: 52/52      AC:  2    Str: 14    XL:     7   Next: 37%
Magic:  12/12      EV: 12    Int: 18    God:    Vehumet [......]
Gold:   144        SH:  0    Dex: 20    Spells: 7/13 levels left

rFire   . . .      SeeInvis .   c - +0 dagger
rCold   . . .      Faith    .   (no shield)
rNeg    . . .      Spirit   .   a - +0 robe
rPois   .          Reflect  .   (helmet restricted)
rElec   .          Harm     .   (no cloak)
rCorr   .          Rampage  .   (no gloves)
Will    .....                   (no boots)
Stlth   ++........              (no amulet)
HPRegen 0.17/turn               u - +6 ring of dexterity
MPRegen 0.13/turn               t - +6 ring of strength

@: no status effects
A: horns 1, powered by death 3, spiny 1
a: Renounce Religion


You escaped.
You worshipped Vehumet.
Vehumet was noncommittal.
You visited 1 branch of the dungeon, and saw 4 of its levels.

You collected 144 gold pieces.

Inventory:

Hand Weapons
 c - a +0 dagger (weapon)
Missiles
 v - a throwing net
Armour
 a - a +0 robe (worn)
 p - the +2 chain mail of the Guava {rElec MP+9 Str-2 SInv}
   (You found it on level 2 of the Dungeon)

   Str:       It affects your strength (-2).
   rElec:     It insulates you from electricity.
   MP:        It affects your magic capacity (+9).
   SInv:      It lets you see invisible.
 x - a +2 pair of boots
Jewellery
 s - a ring of positive energy
 t - a +6 ring of strength (right hand)
 u - a +6 ring of dexterity (left hand)
Wands
 q - a wand of charming (5)
 y - a wand of mindburst (6)
Scrolls
 d - a scroll of identify
 e - a scroll of blinking {unknown}
 f - 2 scrolls of noise
 h - 2 scrolls of enchant armour
 i - a scroll of silence {unknown}
 k - a scroll of summoning {unknown}
 l - 2 scrolls of teleportation {unknown}
 o - a scroll of immolation {unknown}
Potions
 b - 3 potions of magic
 g - a potion of resistance
 j - a potion of haste
 m - 2 potions of might {unknown}
 n - a potion of attraction {unknown}
 r - 4 potions of heal wounds {unknown}
 w - a potion of lignification {unknown}


   Skills:
 + Level 3.6 Fighting
 * Level 3.2 Armour
 - Level 1.7 Dodging
 - Level 1.7 Stealth
 + Level 3.9 Spellcasting
 + Level 2.3 Conjurations
 - Level 1.0 Transmutations
 + Level 4.3 Earth Magic


You had 7 spell levels left.
You knew the following spells:

 Your Spells              Type           Power      Damage    Failure   Level
a - Sandblast             Erth           38%        2d10      2%          1
b - Passwall              Tmut/Erth      10%        N/A       8%          2
c - Stone Arrow           Conj/Erth      30%        3d8       12%         3

Your spell library contained the following spells:

 Spells                   Type           Power      Damage    Failure   Level
 Slow                     Hex            12%        N/A       16%         1
 Ensorcelled Hibernation  Hex/Ice        6%         N/A       22%         2
 Confusing Touch          Hex            3%         N/A       41%         3
 Swiftness                Air            3%         N/A       41%         3
 Vampiric Draining        Necr           3%         2d6       41%         3
 Petrify                  Tmut/Erth      13%        N/A       43%         4


Dungeon Overview and Level Annotations

Branches:
Dungeon (4/15) Zot: 19698
 Temple: D:4-7

Altars:
Vehumet


Innate Abilities, Weirdness & Mutations

You have a pair of small horns on your head.
You regenerate a lot of health from kills.
You are partially covered in sharp spines.


Message History

With Pikel's spell broken, his former minions thank you for their freedom.
The lemure departs this earthly plane. x2
Your lemure departs this earthly plane.
Your Fighting skill increases to level 3!
Your Armour skill gained 2 levels and is now at level 3!
Your Conjurations skill gained 2 levels and is now at level 2!
Your Earth Magic skill increases to level 4!
You have reached level 6!
Your demonic ancestry asserts itself...
The wave of death grows in power.
You have reached level 7!
Your demonic ancestry asserts itself...
A pair of horns grows on your head!
y - a wand of mindburst (6)
Things that are here:
a +2 whip of freezing; a +0 robe; the kobold corpse of Pikel
There is an open door here.
Things that are here:
a +0 dagger; 3 stones; a kobold corpse
There is a stone staircase leading up here.
You climb upwards.
There is a stone staircase leading down here.
(D) Dungeon
Where to? (Enter - D:4 @ (x,y), ? - help)
What level of the Dungeon? (default 1, ? - help)
Things that are here:
a +0 leather armour; a +0 dagger
There is a stone staircase leading up here.
You climb upwards.
There is a stone staircase leading down here.
Magic restored.
HP restored.
There is a stone staircase leading up here.
You climb upwards.
There is a stone staircase leading down here.
There is an open door here.
There is an open door here.
There is a staircase leading out of the dungeon here.
Are you sure you want to leave the Dungeon?
This will make you lose the game!
You have escaped!

......###########.[..............
####### #####..#.########
##...###.# ###.....# ##.##.#
#.##.# # #..#.# # #########
##...# # #...@...# ##..# #
#8.....8# #.## #
##.....########..# #
#..8.8..'......#.## #
##...(.#########..# # #.....#
##.# # #.8.8.# #..# # #.....#
#.## # #.....# #.####


There were no monsters in sight!

Vanquished Creatures
  Pikel (D:4)
  Terence (D:4)
  13 adders
  4 dart slugs
  9 orcs
  2 giant cockroaches
  3 goblins
  5 hobgoblins
  2 jackals (D:1)
  2 quokkas
  9 ball pythons
  3 bats
  2 frilled lizards (D:3)
  4 kobolds
  5 rats
65 creatures vanquished.

Vanquished Creatures (others)
  A lemure (D:4)
  5 plants (D:2)
6 creatures vanquished.

Grand Total: 71 creatures vanquished

Notes
Turn   | Place    | Note
-------+----------+-------------------------------------------
     0 | D:1      | protoss039 the Demonspawn Earth Elementalist began the
                  | quest for the Orb.
     0 | D:1      | Reached XP level 1. HP: 13/13 MP: 3/3
   483 | D:1      | Gained mutation: You are partially covered in sharp spines.
                  | [demonic ancestry]
   483 | D:1      | Reached XP level 2. HP: 20/20 MP: 1/5
   594 | D:1      | Reached skill level 1 in Fighting
   754 | D:1      | Found a faded altar of an unknown god.
   789 | D:1      | Learned a level 2 spell: Passwall
   811 | D:2      | Reached skill level 3 in Earth Magic
  1418 | D:3      | Reached XP level 3. HP: 26/26 MP: 6/6
  1670 | D:2      | Gained mutation: You regenerate a little health from kills.
                  | [demonic ancestry]
  1670 | D:2      | Reached XP level 4. HP: 29/33 MP: 5/8
  2043 | D:2      | Identified the +2 chain mail of the Guava {rElec MP+9 Str-2
                  | SInv}
  2293 | D:2      | You fall into a shaft and drop 1 floor!
  2342 | D:3      | Gained mutation: You regenerate health from kills. [demonic
                  | ancestry]
  2342 | D:3      | Reached XP level 5. HP: 39/39 MP: 9/9
  2489 | D:3      | Noticed Terence
  2740 | D:2      | Learned a level 3 spell: Stone Arrow
  2895 | D:3      | Reached skill level 1 in Transmutations
  3008 | D:3      | Found a radiant altar of Vehumet.
  3572 | D:3      | Became a worshipper of Vehumet
  3624 | D:4      | Killed Terence
  3625 | D:4      | Reached skill level 1 in Armour
  4112 | D:4      | Noticed Pikel
  4112 | D:4      | Noticed a lemure
  4112 | D:4      | Noticed a lemure
  4112 | D:4      | Noticed a lemure
  4112 | D:4      | Noticed a lemure
  4131 | D:4      | Killed Pikel
  4132 | D:4      | Reached skill level 4 in Earth Magic
  4132 | D:4      | Gained mutation: You regenerate a lot of health from kills.
                  | [demonic ancestry]
  4132 | D:4      | Reached XP level 6. HP: 37/47 MP: 4/11
  4132 | D:4      | Gained mutation: You have a pair of small horns on your
                  | head. [demonic ancestry]
  4132 | D:4      | Reached XP level 7. HP: 41/52 MP: 4/12
  4243 | D:$      | Got out of the dungeon alive.

Illustrated notes

Levels and vault maps discovered:
D:1:      elethiomel_arrival_quiet, layout_basic, serial_curves, eino_curves_04,
          eino_curves_02, hellmonk_ecumenical_altar_defaced_shrine
D:2:      wad_lake_hut, layout_loops_corners, minmay_snake_closets
D:3:      layout_loops_ring, mainiacjoe_overflow_catwalk, st_stairs_12,
          kennysheep_generic_room_10, uniq_terence
D:4:      layout_rooms, nicolae_overflow_hidden_temple, nicolae_stop_n_shop_1,
          nicolae_zen_rock_garden, minmay_misc_feat_roman,
          roderic_serpentine_path, minmay_a_box_with_orc_wizards_in_it,
          uniq_crazy_yiuf_cottage, uniq_pikel

Skill      XL: |  1  2  3  4  5 |
---------------+----------------+-----
Fighting       | 1 2 3 |  3.6
Earth Magic    | 3 4 |  4.3
Spellcasting   | 3 |  3.9
Transmutations | 1 |  1.0
Armour         | 3 |  3.2
Conjurations   | 2 |  2.3
Dodging        | |  1.7
Stealth        | |  1.7

Action                   |  1- 3 |  4- 6 |  7- 9 || total
-------------------------+-------+-------+-------++-------
Melee: Dagger            |    38 |    12 |       ||    50
 Cast: Sandblast         |    15 |    58 |       ||    73
       Stone Arrow       |       |     2 |       ||     2
       Passwall          |       |     1 |       ||     1
Evoke: Wand              |       |     2 |       ||     2
  Use: Scroll            |       |     2 |       ||     2
       Potion            |       |     1 |       ||     1
 Stab: Sleeping          |     2 |     1 |       ||     3
Armor: Robe              |     3 |     5 |       ||     8
       Chain mail        |       |     1 |       ||     1
Dodge: Dodged            |    27 |    21 |       ||    48
